 Dungeon Crawl Stone Soup version 0.20.1-1-g8b1a95d (webtiles) character file.

21 rezek the Scratcher (level 2, -1/12 HPs)
             Began as a Felid Transmuter on July 6, 2017.
             Killed from afar by a dart slug (3 damage)
             ... with a slug dart
             ... on level 2 of the Dungeon.
             The game lasted 00:02:55 (1455 turns).

rezek the Scratcher (Felid Transmuter)              Turns: 1455, Time: 00:02:56

Health: -1/12      AC:  1    Str:  6    XL:     2   Next: 62%
Magic:  4/6        EV: 18    Int: 14    God:
Gold:   45         SH:  0    Dex: 16    Spells: 2/5 levels left
                                        Lives:  0   Deaths: 0

rFire    . . .     SeeInvis +     - Unarmed
rCold    . . .     Gourm    .   (shield unavailable)
rNeg     . . .     Faith    .   (armour unavailable)
rPois    .         Spirit   .   (helmet unavailable)
rElec    .         Reflect  .   (cloak unavailable)
rCorr    .         Harm     .   (gloves unavailable)
MR       .....     Rnd*Tele +   (boots unavailable)
Stlth    ++........             (no amulet)
Regen    0.1/turn               j - ring of teleportation (curse)
MPRegen  0.1/turn               (no ring)

@: appendage (expiring), very slightly contaminated, quick
A: no armour, no weapons or thrown items, stealth, claws 1, fangs 3, horns 2,
see invisible, carnivore 3, speed 1, shaggy fur 1, slow metabolism 1, sharp paws
a: End Transformation


You were on level 2 of the Dungeon.
You were completely stuffed.
You had grown temporary horns.
You visited 1 branch of the dungeon, and saw 2 of its levels.

You collected 45 gold pieces.

Inventory:

Missiles
 a - 12 arrows
Jewellery
 j - a cursed ring of teleportation (left paw)
Scrolls
 e - 5 scrolls of remove curse {unknown}
 f - 2 scrolls of identify {unknown}
 g - 2 scrolls of recharging {unknown}
 h - a scroll of magic mapping {unknown}
 i - a scroll of enchant armour {unknown}
 m - 2 scrolls of noise {unknown}
Potions
 k - a potion of curing {unknown}
 l - a potion of might {unknown}
 n - 2 potions of heal wounds {unknown}
Books
 b - a book of Changes

   Spells                             Type                      Level
   a - Beastly Appendage              Transmutation                1
   b - Sticks to Snakes               Transmutation                2
   c - Spider Form                    Transmutation/Poison         3
   d - Ice Form                       Ice/Transmutation            4
   e - Blade Hands                    Transmutation                5
Comestibles
 c - a meat ration
 d - a royal jelly
 o - 2 chunks of flesh


   Skills:
 + Level 1.0 Fighting
 + Level 2.9 Dodging
 + Level 0.8 Stealth
 * Level 3.6 Unarmed Combat
 + Level 2.0 Spellcasting
 * Level 2.4 Transmutations


You had 2 spell levels left.
You knew the following spells:

 Your Spells              Type           Power        Failure   Level  Hunger
a - Beastly Appendage     Tmut           #.....       9%          1    ##.....
b - Sticks to Snakes      Tmut           #.......     13%         2    ###....


Dungeon Overview and Level Annotations

Branches:
Dungeon (2/15)

Altars:


Innate Abilities, Weirdness & Mutations

You cannot wear armour.
You are incapable of wielding weapons or throwing items.
Your paws allow you to move quietly. (Stealth)
You have sharp claws.
You have razor-sharp teeth.
You have supernaturally acute eyesight. (SInv)
You are carnivorous and can eat meat at any time.
You cover ground quickly.
You are covered in fur. (AC +1)
You have a slow metabolism.
Your sharp claws are effective at attacking unaware monsters.
You have a pair of horns on your head.


Message History

Confirm with . or Enter, or press ? or * to list all spells.
You grow a pair of large bovine horns.
The dart slug launches a dart at you. The slug dart hits you!
Ouch! That really hurt!
You are too injured to fight recklessly!
You are too injured to fight recklessly!
You are too injured to fight recklessly!
You are too injured to fight recklessly!
Your transformation is almost over.
The dart slug launches a dart at you. The slug dart hits you!
* * * LOW HITPOINT WARNING * * *
You barely miss the dart slug. You headbutt the dart slug.
The dart slug is heavily wounded.
You scratch the dart slug. You headbutt the dart slug.
The dart slug is almost dead.
The dart slug launches a dart at you. The slug dart hits you!
You die...

## ##### #### ..
...# #..
#.##.###.####.##
#...).##.......#
#....@w..#
.#####.###.##.#
#........##...
#........##.### .
.............###..
##.......###....
#.>.....# ....
#......)###.#
#...........#


You could see a dart slug.

Vanquished Creatures
  2 dart slugs (D:1)
  3 bats
  A giant cockroach (D:2)
  3 goblins
  A hobgoblin (D:1)
  2 kobolds
  A frilled lizard (D:2)
  2 rats
15 creatures vanquished.

Notes
Turn   | Place    | Note
-------+----------+-------------------------------------------
     0 | D:1      | rezek the Felid Transmuter began the quest for the Orb.
     0 | D:1      | Reached XP level 1. HP: 9/9 MP: 4/4
   418 | D:1      | Reached XP level 2. HP: 9/12 MP: 3/6
   422 | D:1      | Learned a level 2 spell: Sticks to Snakes
  1455 | D:2      | Killed from afar by a dart slug

Action                   || total
-------------------------++-------
Melee: Unarmed           ||    48
       Headbutt          ||     7
       Bite              ||     3
 Cast: Beastly Appendage ||    12
 Stab: Sleeping          ||     3
  Eat: Chunk             ||     8
Armor: Skin              ||     1
Dodge: Dodged            ||    45
